Map: Dusk Towers

Players

MajeStic

  • Race: Protoss Protoss
  • League: Grandmaster

TYTY (TY) - Winner!

  • Race: Terran Terran
  • League: Diamond

Event: DreamHack ROCCAT LotV Championship

VOD

Have the link to the VOD?

Description

Time

  • Played on: Nov. 26, 2015, 2:58 p.m.
  • Length: 13:38

All games in this series

Show
View Real Time Build Order
Export as new Build Order

MajeStic Protoss 

Build Orders: 1 Gate Expand, Blink Stalkers 

Get SALT Encoding   

  12  0:01  Probe (Chrono Boost)  
  13  0:11  Probe (Chrono Boost)  
  14  0:17  Pylon  
  14  0:22  Probe (Chrono Boost)  
  15  0:36  Probe (Chrono Boost)  
  15  0:37  Gateway  
  15  0:41  Assimilator  
  16  0:46  Probe (Chrono Boost)  
  18  0:57  Probe (Chrono Boost)  
  18  1:07  Probe (Chrono Boost)  
  19  1:18  Probe (Chrono Boost)  
  20  1:23  Nexus  
  20  1:31  Cybernetics Core  
  20  1:33  Probe (Chrono Boost)  
  20  1:38  Assimilator  
  21  1:45  Pylon  
  21  1:47  Probe (Chrono Boost)  
  22  1:58  Probe (Chrono Boost)  
  23  2:09  Mothership Core (Chrono Boost)  
  23  2:12  Stalker  
  27  2:21  Warp Gate (Chrono Boost)  
  27  2:27  Probe (Chrono Boost)  
  28  2:35  Probe (Chrono Boost)  
  29  2:38  Probe (Chrono Boost)  
  29  2:43  Twilight Council  
  30  2:46  Probe (Chrono Boost)  
  30  2:48  Probe (Chrono Boost)  
  30  2:49  Stalker  
  34  2:56  Probe (Chrono Boost)  
  35  2:59  Probe (Chrono Boost)  
  36  3:07  Probe (Chrono Boost)  
  36  3:09  Probe (Chrono Boost), Blink  
  36  3:12  Gateway  
  38  3:15  Gateway  
  38  3:18  Probe (Chrono Boost)  
  40  3:20  Probe (Chrono Boost)  
  40  3:26  Pylon  
  40  3:28  Probe (Chrono Boost)  
  40  3:30  Probe (Chrono Boost)  
  42  3:39  Probe (Chrono Boost)  
  42  3:41  Probe (Chrono Boost), Pylon  
  44  3:48  Robotics Facility  
  44  3:49  Probe (Chrono Boost), Assimilator  
  44  3:51  Assimilator  
  44  3:53  Probe (Chrono Boost)  
  46  4:00  Probe  
  46  4:01  Pylon  
  47  4:04  Probe  
  48  4:12  Probe  
  48  4:16  Probe  
  50  4:17  Gateway  
  50  4:24  Stalker x2  
  50  4:25  Stalker  
  56  4:38  Warp Prism (Chrono Boost)  
  56  4:40  Robotics Bay  
  58  4:48  Gateway  
  58  4:49  Gateway  
  58  4:51  Gateway  
  58  4:56  Sentry  
  58  4:57  Sentry  
  62  5:02  Pylon  
  62  5:07  Stalker  
  62  5:10  Pylon  
  64  5:17  Forge  
  64  5:18  Forge  
  64  5:19  Probe x2  
  66  5:25  Disruptor (Chrono Boost)  
  69  5:30  Gravitic Drive (Chrono Boost)  
  69  5:43  Adept x4  
  77  5:53  Disruptor, Pylon  
  75  6:02  Nexus  
  78  6:04  Pylon  
  78  6:10  Protoss Ground Weapons Level 1 (Chrono Boost)  
  78  6:11  Protoss Ground Armor Level 1 (Chrono Boost)  
  78  6:18  Stalker x2  
  78  6:23  Stalker  
  84  6:26  Pylon  
  84  6:52  Resonating Glaives, Adept x3  
  84  6:53  Adept x3  
  99  6:55  Probe  
  99  6:56  Probe  
  101  7:02  Stalker  
  101  7:05  Pylon  
  103  7:10  Probe x2  
  103  7:13  Colossus (Chrono Boost)  
  105  7:15  Robotics Facility  
  105  7:22  Probe  
  109  7:30  Probe, Extended Thermal Lance (Chrono Boost)  
  109  7:32  Probe  
  109  7:34  Probe  
  109  7:35  Assimilator  
  112  7:38  Assimilator  
  112  7:41  Probe  
  112  7:44  Probe  
  114  7:46  Probe  
  115  7:51  Probe  
  115  7:56  Probe, Adept x3  
  121  8:02  Colossus (Chrono Boost)  
  127  8:06  Photon Cannon  
  125  8:25  Colossus (Chrono Boost)  
  125  8:31  Protoss Ground Armor Level 2 (Chrono Boost), Probe  
  125  8:32  Probe  
  133  8:36  Pylon x2  
  133  8:46  Nexus  
  133  8:52  Probe  
  133  8:55  Colossus (Chrono Boost)  
  140  8:57  Pylon  
  140  8:59  Sentry x2  
  144  9:05  Stalker x2  
  148  9:10  Pylon  
  148  9:14  Protoss Ground Weapons Level 2 (Chrono Boost)  
  148  9:16  Colossus (Chrono Boost)  
  154  9:19  Stalker  
  156  9:27  Pylon  
  156  9:28  Pylon  
  152  9:34  Probe x2  
  152  9:38  Templar Archives, Assimilator  
  154  9:44  Assimilator  
  154  9:45  Stalker x2  
  154  9:46  Stalker x2  
  154  9:48  Colossus (Chrono Boost)  
  168  10:03  Colossus (Chrono Boost)  
  165  10:15  Pylon  
  165  10:17  Stalker x3, Adept  
  165  10:18  Adept x2  
  176  10:29  Adept  
  178  10:37  Nexus  
  178  10:38  Disruptor  
  181  10:53  Psionic Storm, High Templar  
  181  10:56  High Templar  
  183  11:13  Adept x3  
  183  11:17  Adept  
  189  11:19  Adept  
  188  11:29  Probe  
  175  11:41  Colossus  
  173  11:49  Probe x2, Observer  
  173  11:50  High Templar x2  
  173  11:51  Probe  
  187  12:00  Pylon x2  
  187  12:01  Probe, Pylon  
  188  12:03  Pylon  
  187  12:12  Stalker  
  187  12:13  Stalker  
  181  12:16  Stalker, Phoenix  
  181  12:17  Stalker  
  185  12:23  High Templar x2  
  186  12:31  Colossus  
  186  12:33  Stalker  
  188  12:39  Observer  
  195  12:44  Stalker x2  
  197  12:53  Stalker x2  
  189  13:13  Mothership Core  
Show
View Real Time Build Order
Export as new Build Order

TYTY Terran - Winner!

Build Orders: Reaper Expand, Bio Tank, MMM Bio 

Get SALT Encoding   

  12  0:00  SCV  
  13  0:12  SCV  
  14  0:19  Supply Depot  
  14  0:25  SCV  
  15  0:41  SCV, Barracks  
  16  0:44  Refinery  
  16  0:53  SCV  
  17  1:05  SCV  
  18  1:17  SCV  
  19  1:28  Reaper  
  19  1:30  Orbital Command  
  20  1:43  Command Center  
  20  1:56  SCV  
  21  2:06  Barracks Reactor  
  21  2:08  Supply Depot  
  21  2:09  SCV  
  22  2:21  SCV  
  23  2:23  Factory  
  23  2:33  SCV  
  24  2:41  Command Center  
  24  2:43  Marine  
  25  2:45  Marine  
  25  2:47  SCV  
  27  2:55  Orbital Command  
  27  3:01  Marine  
  27  3:02  Marine  
  27  3:04  SCV  
  30  3:08  Factory Tech Lab  
  30  3:19  SCV, Marine  
  32  3:20  Marine  
  32  3:26  Refinery  
  32  3:28  SCV, Cyclone  
  32  3:32  SCV  
  37  3:36  Marine  
  37  3:38  Marine  
  37  3:40  SCV  
  40  3:44  SCV  
  40  3:47  Barracks  
  41  3:53  SCV, Orbital Command  
  42  3:56  SCV  
  42  3:58  Marine  
  45  4:03  Siege Tank  
  45  4:05  SCV  
  45  4:07  Supply Depot  
  48  4:10  Marine  
  48  4:11  SCV  
  50  4:17  SCV  
  50  4:19  SCV  
  52  4:26  SCV  
  52  4:29  Refinery  
  52  4:30  Refinery  
  53  4:31  Marine x2  
  53  4:33  SCV  
  53  4:35  Siege Tank  
  53  4:37  Barracks Tech Lab  
  59  4:39  SCV  
  59  4:42  Barracks  
  59  4:45  SCV x2  
  61  4:49  Marine x2  
  63  4:56  SCV, Engineering Bay  
  63  4:57  Engineering Bay  
  63  4:58  Stimpack  
  63  4:59  SCV  
  65  5:08  SCV  
  65  5:09  Supply Depot x2  
  65  5:13  Siege Tank  
  68  5:14  Marine  
  68  5:16  Orbital Command  
  69  5:24  Terran Infantry Weapons Level 1, Terran Infantry Armor Level 1  
  69  5:30  SCV x2, Marine  
  69  5:34  Marine x2  
  74  5:39  Missile Turret  
  74  5:43  SCV x2  
  74  5:45  Supply Depot  
  74  5:48  Marine  
  74  5:49  Starport  
  77  5:50  SCV  
  77  5:51  Combat Shields  
  77  5:52  Marine  
  77  5:54  Factory Reactor  
  79  5:58  SCV x2  
  79  5:59  Orbital Command  
  79  6:00  Marine x2  
  83  6:07  Marine  
  83  6:10  SCV x2, Marine  
  87  6:17  Supply Depot  
  87  6:18  Supply Depot  
  87  6:21  Marauder x2  
  87  6:23  SCV x2  
  93  6:33  SCV  
  93  6:36  Missile Turret  
  93  6:37  SCV  
  93  6:38  SCV  
  93  6:45  SCV  
  93  6:47  Factory Reactor  
  93  6:49  SCV  
  93  6:51  Medivac x2  
  98  6:54  Marine x3  
  98  6:57  SCV x2  
  98  6:59  Supply Depot  
  104  7:02  Supply Depot  
  104  7:04  SCV, Barracks  
  104  7:05  Barracks  
  104  7:06  Armory  
  104  7:08  Orbital Command  
  104  7:09  SCV  
  104  7:11  Supply Depot  
  104  7:12  Missile Turret  
  104  7:13  Marine x2  
  107  7:17  Marauder  
  107  7:21  Medivac, Marauder  
  107  7:22  Missile Turret, Medivac  
  115  7:27  Widow Mine x2  
  119  7:30  SCV  
  119  7:31  SCV  
  119  7:32  Supply Depot  
  119  7:35  Refinery  
  119  7:36  Marine x2  
  123  7:39  Marauder  
  123  7:43  Marauder  
  127  7:44  Liberator  
  127  7:45  Armory  
  124  7:54  Marine x2  
  124  7:55  Barracks Reactor  
  124  7:56  Barracks Tech Lab  
  124  7:57  SCV x2  
  128  8:00  Marauder  
  128  8:01  Widow Mine x2  
  128  8:04  Marauder  
  139  8:09  SCV x2  
  139  8:12  Liberator  
  140  8:19  Marauder, Marine x2  
  136  8:21  Marauder  
  140  8:27  Supply Depot  
  140  8:29  Supply Depot  
  140  8:30  Supply Depot  
  140  8:31  Widow Mine x2, Marauder  
  140  8:33  Liberator  
  147  8:34  Marine x2  
  147  8:38  Refinery  
  149  8:43  Supply Depot  
  149  8:49  SCV x2, Marauder x2, Marine x2  
  149  8:50  SCV  
  139  8:57  Marauder  
  139  8:58  Marine x2  
  139  9:01  SCV  
  144  9:09  Terran Infantry Weapons Level 2, Liberator  
  144  9:10  Marine x2  
  144  9:11  Marauder  
  144  9:14  Terran Infantry Armor Level 2  
  148  9:18  Marine  
  149  9:28  Marine x2  
  154  9:33  Marauder x2, Marine x2  
  154  9:36  Marine, Widow Mine x2  
  165  9:46  Marine  
  165  9:49  Marine  
  165  9:50  Marine x2  
  169  9:52  Command Center  
  169  9:53  Supply Depot  
  169  9:54  Marauder x2, Marine, Liberator x2  
  169  9:56  Supply Depot  
  163  10:08  Marine x4  
  163  10:12  Marauder  
  175  10:15  SCV x2  
  175  10:16  Marauder  
  175  10:18  Starport  
  163  10:36  Marauder x2, Marine x4  
  171  10:43  Marauder  
  173  10:54  Medivac x2, Marine x2  
  179  10:58  Missile Turret, Marauder x2  
  180  11:05  Marauder  
  180  11:07  Liberator  
  180  11:09  Liberator x2  
  180  11:10  Marine x2  
  181  11:11  Marine x2  
  181  11:18  Missile Turret x2  
  183  11:19  Marauder x2  
  186  11:27  Marauder  
  186  11:28  Marine x2  
  186  11:29  Marine x2  
  194  11:40  Marauder x2  
  194  11:42  Planetary Fortress  
  194  11:46  Marine x2  
  195  11:49  Marauder  
  197  11:59  Marine x2  
  199  12:04  Marine  
  197  12:26  Medivac x2  
  197  12:30  Command Center, Medivac  
  197  12:32  Command Center  
  199  12:43  Missile Turret  
  197  12:58  Viking  
  199  13:06  Barracks  
  199  13:09  Barracks  

Tags
 
Add a new tag
Caveats
  • Supply blocks, unpowered buildings, or Contaminate may cause inaccurate times.
  • Supply counts are checked every 10 seconds.